 Dungeon Sprint DCSS version 0.21-a0-417-g0adc95b (webtiles) character file.

220 Kidiri the Ruffian (level 5, -8/50 HPs)
             Began as a Draconian Transmuter on Nov 3, 2017.
             Mangled by an iron imp (10 damage)
             ... summoned by a neqoxec
             ... in the Dungeon (Sprint II: "The Violet Keep of Menkaure").
             The game lasted 00:02:14 (440 turns).

Kidiri the Ruffian (Draconian Transmuter)            Turns: 440, Time: 00:02:15

Health: -8/50      AC:  2    Str: 13      XL:     5   Next: 64%
Magic:  2/10       EV: 22    Int:  8 (13) God:
Gold:   243        SH:  0    Dex: 17      Spells: 5/11 levels left

rFire    . . .     SeeInvis .     - Unarmed
rCold    . . .     Gourm    .   (shield currently unavailable)
rNeg     . . .     Faith    .   (armour unavailable)
rPois    x         Spirit   .   (helmet currently unavailable)
rElec    .         Reflect  .   (cloak currently unavailable)
rCorr    .         Harm     .   (gloves currently unavailable)
MR       .....     NoTele   +   (boots currently unavailable)
Stlth    +++.......             (no amulet)
HPRegen  0.16/turn              (no ring)
MPRegen  0.12/turn              (no ring)

@: spider-form (expiring)
A: unfitting armour, blurry vision 1, AC +5
a: End Transformation


You were in the Dungeon.
You were not hungry.
You were a venomous arachnid creature.
You visited 1 branch You collected 243 gold pieces.

Inventory:

Missiles
 a - 9 arrows
Scrolls
 i - a scroll of blinking
Potions
 e - a potion of heal wounds
 f - a potion of haste
 g - 2 potions of magic
Books
 b - a book of Changes

   Spells                             Type                      Level
   a - Beastly Appendage              Transmutation                1
   b - Sticks to Snakes               Transmutation                2
   c - Spider Form                    Transmutation/Poison         3
   d - Ice Form                       Ice/Transmutation            4
   e - Blade Hands                    Transmutation                5
Comestibles
 c - a bread ration
 d - 2 chunks of flesh


   Skills:
 * Level 5.9 Fighting
 + Level 3.8 Dodging
 + Level 3.5 Stealth
 * Level 6.1 Unarmed Combat
 + Level 3.9 Spellcasting
 * Level 5.6 Transmutations
 + Level 2.6 Poison Magic


You had 5 spell levels left.
You knew the following spells:

 Your Spells              Type           Power        Failure   Level  Hunger
a - Beastly Appendage     Tmut           ##....       11%         1    #......
b - Sticks to Snakes      Tmut           ##......     13%         2    ###....
c - Spider Form           Tmut/Pois      #.........   34%         3    ###....


Dungeon Overview and Level Annotations

Branches:
Dungeon (1/1)

Altars:


Innate Abilities, Weirdness & Mutations

((Your plain brown scales are hard. (AC +5)))
You cannot fit into any form of body armour.
((You are cold-blooded and may be slowed by cold attacks.))
Scrolls take you a little longer to read.


Message History

Your ball python grabs the iron imp.
Your ball python constricts the iron imp.
Unknown command.
You hit the neqoxec but do no damage.
The neqoxec is heavily wounded.
The neqoxec hits you but does no damage.
The crimson imp misses you. The crimson imp completely misses you.
The iron imp misses you.
Your ball python bites the iron imp but does no damage.
Your ball python constricts the iron imp.
You hit the neqoxec but do no damage.
The neqoxec is heavily wounded.
The neqoxec misses you.
The crimson imp hits you but does no damage.
The crimson imp hits you.
* * * LOW HITPOINT WARNING * * *
Your ball python bites the iron imp but does no damage.
Your ball python constricts the iron imp.
The iron imp hits you!
You die... ## ## .# #. # H#H

#. #+#
#.5##S##
#53535+
#3##s##
#3 #5# #
###.###
#..#..#
##.#.##
##+##


You could see 2 neqoxecs, 3 iron imps, 2 crimson imps and a friendly ball
python.

Vanquished Creatures
  A neqoxec (D)
  4 worker ants (D)
5 creatures vanquished.

Vanquished Creatures (others)
  Menkaure (D)
1 creature vanquished.

Grand Total: 6 creatures vanquished

Notes
Turn   | Place    | Note
-------+----------+-------------------------------------------
     0 | D        | Kidiri the Draconian Transmuter began the quest for the Orb.
     0 | D        | Reached XP level 1. HP: 16/16 MP: 3/3
     1 | D        | Noticed a worker ant
     1 | D        | Noticed a worker ant
    12 | D        | Killed a worker ant
    12 | D        | Reached skill level 1 in Stealth
    12 | D        | Reached skill level 4 in Unarmed Combat
    12 | D        | Reached XP level 2. HP: 13/26 MP: 2/5
    14 | D        | Reached XP level 3. HP: 15/31 MP: 2/7
    45 | D        | Killed Menkaure
    50 | D        | Learned a level 2 spell: Sticks to Snakes
    54 | D        | Learned a level 3 spell: Spider Form
   365 | D        | Reached skill level 1 in Poison Magic
   365 | D        | Reached XP level 4. HP: 34/40 MP: 4/8
   411 | D        | Noticed a hippogriff
   411 | D        | Noticed a hippogriff
   414 | D        | Noticed a neqoxec
   414 | D        | Noticed a neqoxec
   414 | D        | Noticed a neqoxec
   414 | D        | Noticed a neqoxec
   425 | D        | Killed a neqoxec
   425 | D        | Reached skill level 5 in Fighting
   425 | D        | Reached skill level 6 in Unarmed Combat
   425 | D        | Reached skill level 5 in Transmutations
   425 | D        | Reached XP level 5. HP: 30/50 MP: 6/10
   431 | D        | Gained mutation: Scrolls take you a little longer to read. [a neqoxec]
   440 | D        | HP: 2/50 [crimson imp[a neqoxec] (3)]
   440 | D        | Mangled by an iron imp

Vault maps used:
D:        the_violet_keep_of_menkaure

Skill      XL: |  1  2  3  4 |
---------------+-------------+-----
Fighting       | 3 4 5 |  5.9
Dodging        | 2 3 |  3.8
Stealth        | 1 2 3 |  3.5
Unarmed Combat | 4 6 |  6.1
Transmutations | 3 4 5 |  5.6
Spellcasting   | 3 |  3.9
Poison Magic   | 1 2 |  2.6

Action                   |  1- 3 |  4- 6 || total
-------------------------+-------+-------++-------
Melee: Unarmed           |    13 |    19 ||    32
       Tailslap          |     1 |       ||     1
       Headbutt          |     1 |       ||     1
 Cast: Beastly Appendage |     2 |       ||     2
       Sticks to Snakes  |     2 |     1 ||     3
       Spider Form       |     1 |     2 ||     3
  Use: Potion            |     2 |       ||     2
Armor: Skin              |     1 |     6 ||     7
Dodge: Dodged            |     8 |    11 ||    19

Table legend:
 A = Spawn XP
 B = Non-spawn XP
 C = Spawn XP percentage of total XP
 D = Spawn monster count
 E = Non-spawn monster count
 F = Spawn count percentage of total count
 G = Total turns spent on level
                    A         B        C        D         E        F      G
               +---------+---------+-------+---------+---------+-------+---------
         Total |       0 |     315 |   0.0 |       0 |       5 |   0.0 |   440
               +---------+---------+-------+---------+---------+-------+---------
             D |       0 |     315 |   0.0 |       0 |       5 |   0.0 |   440
               +---------+---------+-------+---------+---------+-------+---------
